 Dungeon Crawl Stone Soup version 0.31-a0-620-gd1cbd99268 (webtiles) character file.

Game seed: 5232314748609362882

751 CowFu the Cleaver (level 7, -1/61 HPs)
             Began as a Hill Orc Reaver on Aug 23, 2023.
             Slain by Edmund
             ... wielding a +1 flail of protection
              (7 damage)
             ... on level 5 of the Dungeon.
             The game lasted 00:09:36 (3824 turns).

CowFu the Cleaver (Hill Orc Reaver)                 Turns: 3824, Time: 00:09:37

Health: -1/61      AC:  4    Str: 17    XL:     7   Next: 78%
Magic:  18/18      EV: 11    Int: 13    God:
Gold:   64         SH:  0    Dex:  9    Spells: 8/9 levels left

rFire   + + .        o - +8 spear of Dullness {holy, rF+}
rCold   . . .        (no shield)
rNeg    . . .        c - +0 leather armour
rPois   .            (no helmet)
rElec   .            r - +0 cloak
rCorr   .            (no gloves)
SInv    .            (no boots)
Will    .....        (no amulet)
Stlth   +            h - ring of protection from fire
HPRegen 0.30/turn    j - ring of magical power
MPRegen 0.16/turn

%: no passive effects
@: no status effects
A: no striking features
a: no special abilities


You were on level 5 of the Dungeon.
You visited 1 branch of the dungeon, and saw 5 of its levels.

You collected 194 gold pieces.
You spent 130 gold pieces at shops.

Inventory:

Hand Weapons
 a - a +0 hand axe
 b - a +1 heavy flail
 o - the +8 spear of Dullness (weapon) {holy, rF+}
   (You found it on level 2 of the Dungeon)

   rF+:       It protects you from fire.
Armour
 c - a +0 leather armour (worn)
 r - a +0 cloak (worn)
Jewellery
 h - a ring of protection from fire (left hand)
 j - a ring of magical power (right hand)
 s - an amulet of faith
Talismans
 i - a talisman of death
Scrolls
 d - 5 scrolls of teleportation
 e - 7 scrolls of identify
 f - a scroll of enchant weapon
 k - 2 scrolls of poison {unknown}
 m - a scroll of enchant armour {unknown}
 n - 2 scrolls of fear {unknown}
 p - 2 scrolls of vulnerability {unknown}
 q - a scroll of torment {unknown}
 t - a scroll of silence {unknown}
Potions
 l - a potion of haste


   Skills:
 - Level 5.0 Fighting
 + Level 10.6 Axes
 - Level 1.5 Dodging
 - Level 1.5 Spellcasting
 - Level 3.0 Conjurations


You had 8 spell levels left.
You knew the following spells:

 Your Spells              Type           Power      Damage    Failure   Level
a - Kiss of Death         Conj/Necr      16%        2d6       19%         1

Your spell library contained the following spells:

 Spells                   Type           Power      Damage    Failure   Level
 Momentum Strike          Conj/Tloc      8%         3d8       26%         2
 Summon Small Mammal      Summ           4%         N/A       32%         1
 Hailstorm                Conj/Ice       4%         3d4       47%         3
 Call Canine Familiar     Summ           1%         N/A       69%         3
 Summon Guardian Golem    Hex/Summ       1%         N/A       69%         3
 Cause Fear               Hex            0%         N/A       97%         4
 Fireball                 Conj/Fire      2%         3d4       99%         5
 Dragon's Call            Summ           0%         N/A       100%        9


Dungeon Overview and Level Annotations

Branches:
Dungeon (5/15)
 Temple: D:4-7

Altars:

Shops:
D:1 (   D:3 ?

Annotations:
D:5 Edmund


Message History

Edmund misses you.
You hit Edmund.
Edmund is moderately wounded.
Edmund hits you with a +1 flail of protection.
You hit Edmund but do no damage.
Edmund is moderately wounded.
Edmund says, "What use are spells, anyway?"
Edmund hits you with a +1 flail of protection!
You hit Edmund but do no damage.
Edmund is moderately wounded.
Edmund hits you with a +1 flail of protection!
You barely miss Edmund.
Edmund is moderately wounded.
You hit Edmund.
Edmund is heavily wounded.
Edmund hits you with a +1 flail of protection!
* * * LOW HITPOINT WARNING * * *
You are confused.
You feel invigorated. Edmund closely misses you.
Edmund attacks as he pursues you!
Edmund hits you with a +1 flail of protection!
* * * LOW HITPOINT WARNING * * *
You barely miss Edmund.
Edmund is heavily wounded.
Edmund hits you with a +1 flail of protection.
* * * LOW HITPOINT WARNING * * *
You closely miss Edmund.
Edmund is heavily wounded.
Edmund hits you but does no damage.
You barely miss Edmund.
Edmund is heavily wounded.
Edmund hits you with a +1 flail of protection!
* * * LOW HITPOINT WARNING * * *
You hit Edmund.
Edmund is heavily wounded.
You feel less invigorated.
You feel less confused.
Edmund hits you with a +1 flail of protection!
You die...
Edmund whines, "They better pay attention to me now!"

.. #. #######
..##.##.....
..#........ #.
........#. ...
.........###...
.........#...
#......@.#.###
..$....@....[#
.............##
.....##.......#
.....
#......### ....
#........## #.#
#.........# #.
..#####.....##
#...........#
#>#.###....##


You could see Edmund.

Vanquished Creatures
  Eustachio (D:5)
  A black bear (D:4)
  An ogre (D:5)
  4 scorpions
  Crazy Yiuf (D:3)
  Terence (D:3)
  2 gnolls (D:2)
  5 adders (D:2)
  2 worms (D:2)
  6 dart slugs
  2 orcs (D:5)
  3 bats
  8 endoplasms
  5 giant cockroaches
  3 goblins
  9 hobgoblins
  3 jackals (D:4)
  2 quokkas
  9 ball pythons
  6 frilled lizards
  7 kobolds
  3 rats
84 creatures vanquished.

Notes
Turn   | Place    | Note
-------+----------+-------------------------------------------
     0 | D:1      | CowFu the Hill Orc Reaver began the quest for the Orb.
     0 | D:1      | Reached XP level 1. HP: 18/18 MP: 3/3
   169 | D:1      | Reached XP level 2. HP: 23/25 MP: 4/4
   319 | D:1      | Found Ykirumme's Weapon Boutique.
   319 | D:1      | Noticed a +0 demon blade
   320 | D:1      | Noticed a +3 triple crossbow
   590 | D:1      | Reached XP level 3. HP: 31/31 MP: 5/5
  1059 | D:2      | Reached skill level 5 in Axes
  1191 | D:2      | Reached XP level 4. HP: 30/40 MP: 6/6
  1731 | D:2      | Identified the +8 spear of Dullness {holy, rF+}
  1781 | D:2      | Reached XP level 5. HP: 45/47 MP: 7/7
  2037 | D:3      | Noticed Terence
  2054 | D:3      | Killed Terence
  2055 | D:3      | Reached skill level 6 in Axes
  2242 | D:3      | Found a faded altar of an unknown god.
  2577 | D:3      | Found Jucsuv's Magic Scroll Emporium.
  2580 | D:3      | Bought a scroll of identify for 20 gold pieces
  2580 | D:3      | Bought a scroll of identify for 20 gold pieces
  2580 | D:3      | Bought a scroll of teleportation for 30 gold pieces
  2580 | D:3      | Bought 2 scrolls of teleportation for 60 gold pieces
  2630 | D:3      | Found a runed translucent door.
  2631 | D:3      | Noticed Crazy Yiuf
  2666 | D:3      | Killed Crazy Yiuf
  2667 | D:3      | Reached skill level 5 in Fighting
  2888 | D:4      | Noticed a black bear
  2896 | D:4      | Killed a black bear
  2897 | D:4      | Reached skill level 7 in Axes
  2897 | D:4      | Reached XP level 6. HP: 29/56 MP: 8/8
  3299 | D:4      | Reached skill level 8 in Axes
  3514 | D:5      | Entered Level 5 of the Dungeon
  3556 | D:5      | Reached skill level 9 in Axes
  3556 | D:5      | Reached XP level 7. HP: 25/61 MP: 9/9
  3638 | D:5      | Noticed Eustachio
  3648 | D:5      | Killed Eustachio
  3649 | D:5      | Reached skill level 10 in Axes
  3799 | D:5      | Noticed Edmund
  3821 | D:5      | HP: 3/61 [Edmund/+1 flail of protection (6)]
  3824 | D:5      | Slain by Edmund

Illustrated notes

Levels and vault maps discovered:
D:1:      dpeg_arrival_arbitrary_a, layout_basic, serial_shops,
          nicolae_shop_mannequins
D:2:      layout_loops_ring, minmay_pentomino_u2
D:3:      layout_basic, serial_shops, nicolae_shop_rolled_up,
          dreamdust_ecumenical_altar_statues, uniq_crazy_yiuf_cottage,
          uniq_terence
D:4:      layout_basic
D:5:      layout_cave_pools, minmay_temple_entry_large_hall, serial_shops,
          nicolae_diamond_shop, minivault_11, uniq_duvessa, uniq_eustachio,
          uniq_ijyb, uniq_edmund

Skill      XL: |  1  2  3  4  5  6  7 |
---------------+----------------------+-----
Fighting       | 3 4 5 |  5.0
Axes           | 5 7 9 10 | 10.6
Dodging        | |  1.5
Spellcasting   | |  1.5
Conjurations   | |  3.0

Action                     |  1- 3 |  4- 6 |  7- 9 || total
---------------------------+-------+-------+-------++-------
  Melee: Hand axe          |   127 |    68 |       ||   195
         Punch             |       |     2 |     1 ||     3
         Spear             |       |    89 |    46 ||   135
   Cast: Kiss of Death     |     1 |       |       ||     1
    Use: Potion            |     2 |       |     1 ||     3
         Scroll            |       |     3 |       ||     3
 Armour: Leather armour    |    18 |    22 |     5 ||    45
         Skin              |    27 |       |       ||    27
  Dodge: Dodged            |    55 |    83 |    13 ||   151

Table legend: (Time is in decaauts)
 A = Elapsed time spent in this place.
 B = Non-inter-level travel time spent in this place.
 C = Inter-level travel time spent in this place.
 D = Time resting spent in this place.
 E = Time spent auto-exploring this place.
 F = Levels seen in this place.
 G = Mean time per level.
                   A        B        C        D        E       F      G
               +--------+--------+--------+--------+--------+-----+--------+
         Total |   3819 |   3648 |    171 |      0 |   2829 |   5 |  763.8 |
       Dungeon |   3819 |   3648 |    171 |      0 |   2829 |   5 |  763.8 |
               +--------+--------+--------+--------+--------+-----+--------+

Top non-repeatable levels by time:
     D:2: 998 daAuts
     D:1: 957 daAuts
     D:3: 857 daAuts
     D:4: 704 daAuts
     D:5: 301 daAuts
